 Dungeon Crawl Stone Soup version 0.28-a0-1493-g08698888e4 (webtiles) character file.

Game seed: 1880975648097614981

14 murtidash the Magician (level 2, 0/21 HPs)
             Began as a Djinni Ice Elementalist on Jan 12, 2022.
             Hit by a stone thrown by a kobold (3 damage)
             ... on level 1 of the Dungeon.
             The game lasted 00:00:32 (490 turns).

murtidash the Magician (Djinni Ice Elementalist)     Turns: 490, Time: 00:00:33

Health: 0/21       AC:  2    Str:  7    XL:     2   Next: 60%
Gold:   20         EV: 12    Int: 16    God:
                   SH:  0    Dex: 13

rFire   + + .      SeeInvis .   (no weapon)
rCold   x . .      Faith    .   (no shield)
rNeg    . . .      Spirit   .   a - +0 robe
rPois   ∞          Reflect  .   (no helmet)
rElec   .          Harm     .   (no cloak)
rCorr   .          Rampage  .   (no gloves)
Will    .....                   (boots unavailable)
Stlth   ++........              (no amulet)
HPRegen 0.07/turn               (no ring)
MPRegen 0.00/turn               (no ring)

@: flying
A: sickness immunity, fire resistance 2, cold vulnerability 1, float, innate
caster, hp casting, extra vitality 1
a: no special abilities


You were on level 1 of the Dungeon.
You visited 1 branch of the dungeon, and saw 1 of its levels.

You collected 20 gold pieces.

Inventory:

Armour
 a - a +0 robe (worn)
Potions
 b - a potion of might {unknown}


   Skills:
 - Level 2.1 Dodging
 - Level 1.5 Stealth
 + Level 3.7 Spellcasting


You couldn't memorise any spells.
You knew the following spells:

 Your Spells              Type           Power      Damage    Failure   Level
a - Frozen Ramparts       Ice            30%        1d5       11%         3
A - Ozocubu's Armour      Ice            15%        N/A       11%         3
X - Hailstorm             Conj/Ice       15%        3d5       36%         4
Z - Freeze                Ice            60%        1d8       3%          1
Your spell library was empty.

Dungeon Overview and Level Annotations

Branches:
Dungeon (1/15)

Altars:


Innate Abilities, Weirdness & Mutations

You are immune to sickness and miasma.
You are immune to poison.
Your flesh is very heat resistant. (rF++)
You are vulnerable to cold. (rC-)
You float through the air rather than walking.
You learn spells naturally, not from books.
Your magical power is your life essence.
You have superior vitality. (+4 MHP)


Message History

Aim: an endoplasm (severely wounded)
You freeze the endoplasm!
You kill the endoplasm!
You take 1 damage, and have 10/15 hp.
You can't see any susceptible monsters within range! (Use Z to cast anyway.)
Your magical contamination has completely faded away.
b - a sedimented puce potion Health restored: 15 You reach down and open the large door.
There is a large open door here.
A kobold comes into view. It is wielding a +0 dagger.
The kobold shouts!
The kobold barely misses you.
Aim: a kobold, wielding a +0 dagger You freeze the kobold.
The kobold barely misses you.
You take 1 damage, and have 14/15 hp.
Aim: a kobold, wielding a +0 dagger (severely wounded)
You freeze the kobold.
You kill the kobold!
You have reached level 2!
You regained 5 hp, and now have 19/21 hp.
Things that are here:
a +0 dagger; a kobold corpse; Health restored: 21
Found a stone staircase leading down.
You now have 10 gold pieces (gained 4).
Found an escape hatch in the floor.
You reach down and open the large door.
There is a large open door here.
There is a large open door here.
You reach down and open the door.
There is an open door here.
You now have 20 gold pieces (gained 10).
You reach down and open the door.
There is an open door here.
A hobgoblin comes into view.
Aim: a hobgoblin (asleep)
You freeze the hobgoblin!
You kill the hobgoblin!
You take 1 damage, and have 20/21 hp.
You can't see any susceptible monsters within range! (Use Z to cast anyway.)
You can't see any susceptible monsters within range! (Use Z to cast anyway.)
A ball python comes into view.
Health restored: 21 The ball python hisses angrily.
You hear an angry hiss.
You hear a shout!
A frilled lizard comes into view.
The frilled lizard hisses angrily.
A hobgoblin comes into view.
A kobold comes into view. It is wielding a +0 dagger.
The frilled lizard moves out of view.
A hobgoblin and an endoplasm come into view.
The hobgoblin shouts!
The kobold shouts!
The endoplasm quivers.
The hobgoblin shouts!
The ball python closely misses you. The ball python misses you.
You hit the ball python but do no damage.
The ball python bites you but does no damage.
The ball python closely misses you.
Aim: a ball python You freeze the ball python.
The ball python seems to slow down.
The kobold throws a stone.
The stone hits you but does no damage. The ball python barely misses you.
The ball python grabs you. The ball python constricts you.
A kobold comes into view. It is wielding a +2 whip of draining.
You take 3 damage, and have 18/21 hp.
Aim: a ball python (heavily wounded, constricting you, slow)
You freeze the ball python.
You kill the ball python!
The kobold shouts!
You take 1 damage, and have 17/21 hp.
The kobold throws a stone.
The stone hits you but does no damage.
Aim: a hobgoblin You freeze the hobgoblin.
You kill the hobgoblin!
You take 1 damage, and have 16/21 hp.
Aim: a frilled lizard You freeze the frilled lizard.
You kill the frilled lizard!
Aim: a kobold, wielding a +0 dagger and quivering stones You freeze the kobold.
You kill the kobold!
You take 1 damage, and have 15/21 hp.
Aim: an endoplasm You freeze the endoplasm.
The endoplasm freezes you.
You are frozen.
You feel a terrible chill!
You take 5 damage, and have 10/21 hp.
MASSIVE DAMAGE!!
Aim: an endoplasm (moderately wounded)
You freeze the endoplasm!
You kill the endoplasm!
You take 1 damage, and have 9/21 hp.
Aim: a hobgoblin You freeze the hobgoblin.
The hobgoblin hits you.
* * * LOW HITPOINT WARNING * * *
You take 5 damage, and have 4/21 hp.
MASSIVE DAMAGE!!
Aim: a hobgoblin (almost dead)
You freeze the hobgoblin.
You kill the hobgoblin!
* * * LOW HITPOINT WARNING * * *
The kobold throws a stone.
The stone hits you.
You die...

### #.# ########.#
.........#
#.##########.########
....................# ##
.##.##.####.##...... ...
#@##.# #.##...... ##..
#)##.# #.##......
.....##K##.####.##......
..............#..'......
......†..#.#######......
..............# #......
##..........#.# #####+#
.......###.## # ###.#
##..... .... .....


You could see a kobold.

Vanquished Creatures
  A ball python (D:1)
  2 endoplasms (D:1)
  5 hobgoblins (D:1)
  2 kobolds (D:1)
  2 frilled lizards (D:1)
  A rat (D:1)
13 creatures vanquished.

Notes
Turn   | Place    | Note
-------+----------+-------------------------------------------
     0 | D:1      | murtidash the Djinni Ice Elementalist began the quest for
                  | the Orb.
     0 | D:1      | Reached XP level 1. HP: 15/15 MP: 0/0
   374 | D:1      | Reached XP level 2. HP: 19/21 MP: 0/0
   489 | D:1      | HP: 4/21 [hobgoblin (4)]
   490 | D:1      | Hit by a stone thrown by a kobold

Illustrated notes

Levels and vault maps discovered:
D:1:      denvon_arrival_planthouse, layout_basic,
          shapermc_ecumenical_altar_mp_urbaneastern

Action                   || total
-------------------------++-------
Melee: Unarmed           ||     3
 Cast: Freeze            ||    19
Armor: Robe              ||     3
Dodge: Dodged            ||     9

Table legend: (Time is in decaauts)
 A = Elapsed time spent in this place.
 B = Non-inter-level travel time spent in this place.
 C = Inter-level travel time spent in this place.
 D = Time resting spent in this place.
 E = Time spent auto-exploring this place.
 F = Levels seen in this place.
 G = Mean time per level.
                   A        B        C        D        E       F      G
               +--------+--------+--------+--------+--------+-----+--------+
         Total |    490 |    490 |      0 |      0 |    425 |   1 |  490.0 |
       Dungeon |    490 |    490 |      0 |      0 |    425 |   1 |  490.0 |
               +--------+--------+--------+--------+--------+-----+--------+

Top non-repeatable levels by time:
     D:1: 490 daAuts

Table legend:
 A = Kills in this place as a percentage of kills in entire the game.
 B = Kills by you in this place as a percentage of kills by you in the entire game.
 C = Kills by friends in this place as a percentage of kills by friends in the entire game.
 D = Other kills in this place as a percentage of other kills in the entire game.
 E = Experience gained in this place as a percentage of experience gained in the entire game.
 F = Experience gained in this place divided by the number of levels of this place that you have seen.
                   A       B       C       D       E      F
               +-------+-------+-------+-------+-------+----------------------
         Total | 100.0 | 100.0 |   N/A |   N/A | 100.0 |  23.0
       Dungeon | 100.0 | 100.0 |   N/A |   N/A | 100.0 |  23.0
               +-------+-------+-------+-------+-------+----------------------
